 Dungeon Crawl Stone Soup version 0.29-a0-330-g52719c12eb (webtiles) character file.

Game seed: 11548045599094363495

2732 thiscave3701365 the Grappler (level 9, -1/80 HPs)
             Began as a Troll Berserker on Apr 12, 2022.
             Was an Elder of Trog.
             Slain by an ice beast (11 damage)
             ... on level 8 of the Dungeon.
             The game lasted 00:06:32 (5637 turns).

thiscave3701365 the Grappler (Troll Berserker)      Turns: 5637, Time: 00:06:33

Health: -1/80      AC:  4    Str: 31    XL:     9   Next: 40%
Magic:  8/8        EV: 10    Int:  3    God:    Trog [****..]
Gold:   517        SH:  0    Dex:  9    Spells: 8/8 levels left

rFire   . . .      SeeInvis .     - Unarmed
rCold   . . .      Faith    .   (no shield)
rNeg    . . .      Spirit   .   a - +0 animal skin
rPois   .          Reflect  .   (helmet restricted)
rElec   .          Harm     .   (no cloak)
rCorr   .          Rampage  .   (gloves unavailable)
Will    .....                   (boots unavailable)
Stlth   +.........              (no amulet)
HPRegen 1.03/turn               o - ring of flight
MPRegen 0.11/turn               (no ring)

@: on berserk cooldown, flying, slowed, very slow
A: large, unfitting armour, claws 3, regeneration 1, shaggy fur 1, tough skin 1
a: Renounce Religion, Berserk, Trog's Hand, Brothers in Arms


You were on level 8 of the Dungeon.
You worshipped Trog.
Trog was greatly pleased with you.
You visited 1 branch of the dungeon, and saw 8 of its levels.
You also visited: Ossuary.

You collected 517 gold pieces.

Inventory:

Armour
 a - a +0 animal skin (worn)
Jewellery
 o - a ring of flight (left claw)
 s - a +6 ring of intelligence
 x - a ring of resist corrosion
Wands
 y - a wand of polymorph (12)
 z - a wand of charming (7)
 A - a wand of acid (7)
Scrolls
 b - 6 scrolls of identify {unknown}
 c - 3 scrolls of magic mapping {unknown}
 d - 2 scrolls of vulnerability {unknown}
 e - 3 scrolls of teleportation {unknown}
 f - a scroll of immolation {unknown}
 i - 2 scrolls of fog {unknown}
 n - a scroll of summoning {unknown}
 r - 3 scrolls of enchant armour {unknown}
 v - 2 scrolls of blinking {unknown}
 w - 2 scrolls of amnesia {unknown}
Potions
 g - 2 potions of flight {unknown}
 h - a potion of resistance {unknown}
 j - 5 potions of heal wounds {unknown}
 k - 3 potions of curing {unknown}
 l - 3 potions of brilliance {unknown}
 m - 3 potions of mutation {unknown}
 p - 2 potions of lignification {unknown}
 q - 4 potions of might {unknown}
 t - a potion of attraction {unknown}
 u - 2 potions of haste {unknown}
 B - a potion of invisibility {unknown}


   Skills:
 - Level 2.6 Fighting
 - Level 2.6 Dodging
 + Level 13.0 Unarmed Combat


You had 8 spell levels left.
You didn't know any spells.
Your spell library was empty.

Dungeon Overview and Level Annotations

Branches:
Dungeon (8/15)             Temple (0/1) D:7         Ossuary (visited)
   Lair: D:8-11

Altars:
Elyvilon
Ru
Trog
Xom
Zin

Shops:
D:4 (   D:5 !?*?:   D:6 =*:


Innate Abilities, Weirdness & Mutations

You are too large for most types of armour.
You have claws for hands.
Your natural rate of healing is unusually fast.
You are covered in fur. (AC +1)
You have tough skin. (AC +1)


Message History

Pain shoots through your body!
An orc warrior comes into view. It is wielding a +0 long sword.
Things that are here:
a +0 club; an orc corpse You feel your anger nearly subside.
You are no longer berserk.
You are exhausted.
You feel yourself slow down.
The orc warrior shouts!
An orc priest comes into view. It is wielding a +0 club.
The orc priest shouts!
The orc priest looks braver for a moment.
The orc wizard hits you with a +0 dagger.
You're too confused to move!
The orc wizard barely misses you.
The shadow imp laughs crazily.
The shadow imp hits you.
The orc wizard points at you and mumbles some strange words.
You easily resist.
You barely miss the ice beast.
You feel less confused.
The orc wizard hits you but does no damage.
The ice beast closely misses you.
The shadow imp hits you but does no damage.
You mangle the orc wizard!!
You kill the orc wizard!
Trog accepts your kill.
Trog appreciates your killing of a magic user.
The ice beast closely misses you. The shadow imp hits you.
The ice beast attacks as you move away! The ice beast hits you.
The ice beast freezes you!
* * * LOW HITPOINT WARNING * * *
The orc warrior hits you with a +0 long sword.
* * * LOW HITPOINT WARNING * * *
The shadow imp hits you.
* * * LOW HITPOINT WARNING * * *
The orc priest hits you with a +0 club.
* * * LOW HITPOINT WARNING * * *
The ice beast hits you.
* * * LOW HITPOINT WARNING * * *
The ice beast freezes you!
You die...

..##....####....
.........#.......
#.........#.......
#.........#.......
#.................
.................
.......).<.......
##...)Yo.o...#.
#...)5@o....#
#..))?......#
..................
..................
..................
:.#########.......
. ##>## .......
8...8 .......
#..... ##....


You could see an orc warrior, an ice beast, an orc priest, a shadow imp and an
orc.

Vanquished Creatures
  A slime creature (D:7)
  A wyvern (D:7)
  A steam dragon (D:6)
  A water moccasin (D:7)
  A sky beast (D:7)
  2 orc warriors
  3 centaurs
  A kobold brigand (D:7)
  3 scorpions (D:6)
  2 bullfrogs
  A necrophage (D:5)
  5 killer bees (D:7)
  2 centaur zombies (Ossuary)
  6 orc priests
  A hound (D:2)
  7 jellies
  4 orc wizards
  7 iguanas
  5 mummies
  Robin (D:3)
  6 adders
  A white imp (D:7)
  An ufetubus (D:6)
  4 worms
  5 dart slugs
  17 orcs
  10 endoplasms
  5 giant cockroaches
  15 goblins
  8 hobgoblins
  14 kobolds
  3 quokkas
  6 ball pythons
  5 bats
  2 frilled lizards
  A goblin zombie (D:5)
  3 hobgoblin zombies (Ossuary)
  A kobold zombie (D:5)
  5 rats
167 creatures vanquished.

Vanquished Creatures (others)
  An adder (D:6)
  3 fungi (D:7)
  10 toadstools (D:7)
14 creatures vanquished.

Grand Total: 181 creatures vanquished

Notes
Turn   | Place    | Note
-------+----------+-------------------------------------------
     0 | D:1      | thiscave3701365 the Troll Berserker began the quest for the
                  | Orb.
     0 | D:1      | Reached XP level 1. HP: 22/22 MP: 0/0
    65 | D:1      | Reached XP level 2. HP: 29/29 MP: 1/1
   461 | D:1      | Reached XP level 3. HP: 36/36 MP: 2/2
   463 | D:1      | Reached ** piety under Trog
   724 | D:1      | Found a faded altar of an unknown god.
   784 | D:1      | Found a white marble altar of Elyvilon.
   814 | D:2      | Found a bloodstained altar of Trog.
   951 | D:2      | Reached skill level 4 in Unarmed Combat
   966 | D:2      | Reached XP level 4. HP: 43/44 MP: 3/3
  1347 | D:2      | Reached skill level 5 in Unarmed Combat
  1598 | D:3      | Noticed Robin
  1608 | D:3      | Killed Robin
  1798 | D:3      | Reached XP level 5. HP: 41/50 MP: 4/4
  1829 | D:3      | Reached skill level 6 in Unarmed Combat
  2077 | D:3      | You are sucked into a shaft and drop 1 floor!
  2116 | D:4      | Reached XP level 6. HP: 59/59 MP: 5/5
  2181 | D:4      | Found Kausodgh's Antique Weapon Emporium.
  2288 | D:4      | Reached *** piety under Trog
  2684 | D:3      | Reached skill level 7 in Unarmed Combat
  3111 | D:5      | Entered Level 5 of the Dungeon
  3157 | D:5      | Found a sand-covered staircase.
  3168 | Ossuary  | Entered an ossuary
  3178 | Ossuary  | Reached XP level 7. HP: 22/66 MP: 6/6
  3235 | Ossuary  | Reached skill level 8 in Unarmed Combat
  3389 | D:5      | Found a glowing silver altar of Zin.
  3417 | D:5      | Found Iresi's Distillery.
  3418 | D:5      | Found Sudezid's Magic Scroll Shoppe.
  3420 | D:5      | Found Zizea's Magic Scroll Boutique.
  3421 | D:5      | Found Godek's General Store.
  3465 | D:5      | Found a shimmering altar of Xom.
  3668 | D:5      | Identified the +7 long sword of Egomania {venom, rC+ Int+3}
  3669 | D:5      | Found Wyshoi's Book Shop.
  3770 | D:6      | Found Xagg's Book Shop.
  3932 | D:6      | Reached skill level 9 in Unarmed Combat
  4012 | D:6      | Noticed a steam dragon
  4022 | D:6      | Killed a steam dragon
  4058 | D:6      | Found Lorahic's Jewellery Emporium.
  4065 | D:6      | Found Ofaviuph's Assorted Antiques.
  4096 | D:6      | Reached XP level 8. HP: 44/74 MP: 7/7
  4145 | D:6      | Found a sacrificial altar of Ru.
  4152 | D:6      | Reached skill level 10 in Unarmed Combat
  4631 | D:7      | Found a staircase to the Ecumenical Temple.
  4648 | D:7      | Reached skill level 11 in Unarmed Combat
  5134 | D:7      | Noticed a slime creature
  5142 | D:7      | Killed a slime creature
  5143 | D:7      | Reached XP level 9. HP: 80/80 MP: 8/8
  5147 | D:7      | Reached skill level 12 in Unarmed Combat
  5151 | D:7      | Reached **** piety under Trog
  5624 | D:8      | Reached skill level 13 in Unarmed Combat
  5637 | D:8      | Slain by an ice beast

Illustrated notes

Levels and vault maps discovered:
D:1:      dpeg_arrival_lava_altar, layout_basic,
          shapermc_ecumenical_altar_mp_ritualfount
D:2:      layout_loops_ring, basic_altar, kennysheep_generic_room_8
D:3:      layout_basic, minmay_misc_feat_four_crosses, uniq_robin
D:4:      layout_cave_pools, serial_shops, shop
D:5:      layout_rooms, mainiacjoe_overflow_six_doors_small,
          mainiacjoe_overflow_24_doors, nicolae_ossuary_entry_giza,
          serial_shops, kennysheep_little_box, nicolae_wooded_promenade
D:6:      layout_basic, mainiacjoe_overflow_boulevard, serial_shops,
          nicolae_diamond_shop, shop, shop
D:7:      cheibrodos_fertilizer, layout_rooms, minmay_temple_entry_waves
D:8:      layout_basic, nicolae_overflow_hidden_temple, lair_entry_dummy,
          minmay_hollow_rounded_squares

Skill      XL: |  1  2  3  4  5  6  7  8  9 |
---------------+----------------------------+-----
Unarmed Combat | 4 5 6 7 9 11 13 | 13.0
Fighting       | |  2.6
Dodging        | |  2.6

Action                   |  1- 3 |  4- 6 |  7- 9 || total
-------------------------+-------+-------+-------++-------
Melee: Unarmed           |    73 |   190 |   169 ||   432
       Punch             |     2 |     3 |     6 ||    11
Invok: Berserk           |       |     3 |    11 ||    14
 Stab: Sleeping          |       |     2 |       ||     2
Armor: Animal skin       |    17 |    48 |    44 ||   109
Dodge: Dodged            |    41 |    76 |   102 ||   219

Table legend: (Time is in decaauts)
 A = Elapsed time spent in this place.
 B = Non-inter-level travel time spent in this place.
 C = Inter-level travel time spent in this place.
 D = Time resting spent in this place.
 E = Time spent auto-exploring this place.
 F = Levels seen in this place.
 G = Mean time per level.
                   A        B        C        D        E       F      G
               +--------+--------+--------+--------+--------+-----+--------+
         Total |   5680 |   5496 |    184 |   1012 |   3596 |   9 |  631.1 |
       Dungeon |   5557 |   5373 |    184 |    961 |   3565 |   8 |  694.6 |
       Ossuary |    123 |    123 |      0 |     50 |     31 |   1 |  123.0 |
               +--------+--------+--------+--------+--------+-----+--------+

Top non-repeatable levels by time:
     D:6: 1148 daAuts
     D:3: 1009 daAuts
     D:1: 855 daAuts
     D:7: 780 daAuts
     D:2: 733 daAuts
     D:5: 507 daAuts
     D:4: 506 daAuts
 Ossuary: 123 daAuts
     D:8: 17 daAuts
